 Dungeon Crawl Stone Soup version 0.27.1 (webtiles) character file.

Game seed: 14842267200505762710

54 nxtlvl the Chopper (level 3, -9/46 HPs)
             Began as a Draconian Berserker on Aug 21, 2021.
             Was a Follower of Trog.
             Killed by nerve-wracking pain
             ... invoked by Grinder
              (10 damage)
             ... on level 3 of the Dungeon.
             The game lasted 00:03:29 (428 turns).

nxtlvl the Chopper (Draconian Berserker)             Turns: 428, Time: 00:03:30

Health: -9/46      AC:  5    Str: 19    XL:     3   Next: 66%
Magic:  3/3        EV: 12    Int:  7    God:    Trog [*.....]
Gold:   70         SH:  0    Dex: 11    Spells: 2/2 levels left

rFire    . . .     SeeInvis .   a - +0 hand axe
rCold    . . .     Faith    .   (no shield)
rNeg     . . .     Spirit   .   (armour unavailable)
rPois    .         Reflect  .   (helmet restricted)
rElec    .         Harm     .   (no cloak)
rCorr    .         Rampage  .   (no gloves)
Will     .....                  (no boots)
Stlth    ..........             (no amulet)
HPRegen  0.15/turn              (no ring)
MPRegen  0.08/turn              (no ring)

@: berserking, very quick
A: AC +5, unfitting armour, cold-blooded
a: Renounce Religion, Berserk


You were on level 3 of the Dungeon.
You worshipped Trog.
Trog was aware of your devotion.
You visited 1 branch of the dungeon, and saw 3 of its levels.

You collected 70 gold pieces.

Inventory:

Hand Weapons
 a - a +0 hand axe (weapon)
Missiles
 e - 6 silver javelins (quivered)
Scrolls
 b - a scroll of identify {unknown}
 c - a scroll of teleportation {unknown}
 d - a scroll of enchant weapon {unknown}
 f - a scroll of blinking {unknown}


   Skills:
 - Level 3.2 Fighting
 * Level 4.7 Axes
 - Level 2.6 Dodging


You had 2 spell levels left.
You didn't know any spells.
Your spell library was empty.

Dungeon Overview and Level Annotations

Branches:
Dungeon (3/15)

Altars:
Nemelex Xobeh

Annotations:
D:3 Grinder


Innate Abilities, Weirdness & Mutations

Your plain brown scales are hard. (AC +5)
You cannot fit into any form of body armour.
You are cold-blooded and may be slowed by cold attacks.


Message History

You hit the orc.
Your tail-slap misses the orc.
The orc is moderately wounded.
The orc hits you but does no damage.
You hit the orc but do no damage. You tail-slap the orc.
The orc is severely wounded.
The orc completely misses you.
You hit the orc.
You kill the orc!
Trog accepts your kill.
Things that are here:
a +0 club; an orc corpse
There is an open door here.
Found 17 gold pieces.
You now have 70 gold pieces (gained 17).
Grinder comes into view.
Found a trident.
Grinder shouts!
You hear an angry hiss.
Grinder blinks!
You aren't carrying any potions.
Okay, then.
An adder and a quokka come into view.
Grinder gestures at you. Pain shoots through your body!
* * * LOW HITPOINT WARNING * * *
The quokka moves out of view.
Grinder says, "Tell me all your secrets, or I'll kill you."
A red film seems to cover your vision as you go berserk!
You feel yourself moving faster!
You feel mighty! Grinder hits you!
* * * LOW HITPOINT WARNING * * *
You writhe in agony.
* * * LOW HITPOINT WARNING * * *
You barely miss Grinder.
A rat comes into view.
You closely miss Grinder. Grinder gestures at you.
You resist with significant effort.
You closely miss Grinder.
Your tail-slap misses Grinder.
Grinder gestures at you. Pain shoots through your body!
You die...

....... ....r ...). ...
. .. .. .r. ... .# #S#
.#...## . #5# .....# .
#@# #.#..# . #.#
#.#..### #.###.#####
#....... #.........#
#.....#
#..........######..##..
#.#................##..
# #........######......
#........# #......
########## #...##.


You could see Grinder, an adder, a quokka and a rat.

Vanquished Creatures
  Jessica (D:2)
  A dart slug (D:2)
  An orc (D:3)
  3 endoplasms
  2 giant cockroaches (D:1)
  A goblin (D:1)
  3 hobgoblins
  4 jackals
  A quokka (D:1)
  A ball python (D:1)
  A bat (D:2)
  A frilled lizard (D:2)
  A kobold (D:2)
  2 rats
23 creatures vanquished.

Notes
Turn   | Place    | Note
-------+----------+-------------------------------------------
     0 | D:1      | nxtlvl the Draconian Berserker began the quest for the Orb.
     0 | D:1      | Reached XP level 1. HP: 19/19 MP: 1/1
    30 | D:1      | Found a faded altar of an unknown god.
    93 | D:1      | Reached XP level 2. HP: 26/26 MP: 2/2
   194 | D:2      | Noticed Jessica
   212 | D:2      | Killed Jessica
   213 | D:2      | Reached skill level 4 in Axes
   213 | D:2      | Reached XP level 3. HP: 3/31 MP: 3/3
   360 | D:3      | Found a sparkling altar of Nemelex Xobeh.
   422 | D:3      | Noticed Grinder
   425 | D:3      | HP: 1/46 [Grinder (2)]
   428 | D:3      | Killed from afar by Grinder

Illustrated notes

Levels and vault maps discovered:
D:1:      nagdon_arrival_zigzag_paths, layout_rooms,
          hellmonk_ecumenical_altar_pennies_from_heaven, dk_noncrumbling_3,
          minmay_worlds_worst_comb
D:2:      layout_loops_cross, uniq_jessica
D:3:      layout_rooms, nemelex_dance_club_becter, uniq_grinder

Skill      XL: |  1  2 |
---------------+-------+-----
Axes           | 4 |  4.7
Fighting       | |  3.2
Dodging        | |  2.6

Action                   || total
-------------------------++-------
Melee: Hand axe          ||    74
       Tailslap          ||    11
Invok: Berserk           ||     2
 Stab: Sleeping          ||     1
Armor: Skin              ||    18
Dodge: Dodged            ||    44
